AoeStats
← facufrances1

Arabia

509733483Analyzed
1v1 RM · 3d ago on Sep 27, 2026· 39m 36s· 2 players
Game mode
Random Map
Map size
Tiny (2 player)
Population
200
Speed
Normal
Resources
Standard
Victory
Conquest
Starting age
Dark Age
Ending age
Imperial Age
RankedLock teamsTeams togetherTeam positionsShared explorationLock speedFull tech treeHidden civsTurbo modeCheats
Victory
Defeat
🇦🇷 Franks · Argentina
931
+17
🇨🇴 Aztecs · Colombia
954
-17
facufrances1
7:54 Loom
10:35 Feudal Age
11:20 Double-Bit Axe
21:43 Castle Age
20:23 Forging
22:41 Stone Mining
23:09 Bow Saw
23:14 Gold Mining
24:15 Scale Barding Armor
24:48 Husbandry
26:56 Fletching
30:58 Wheelbarrow
32:16 Town Watch
32:47 Hand Cart
32:36 Bodkin Arrow
33:40 Town Patrol
jaqcka
2:56 Loom
12:43 Feudal Age
19:34 Castle Age
28:11 Pikeman
30:39 Double-Bit Axe
34:06 Forging
38:31 Redemption
Connection lost

Rejoining the realm…

Still unreachable

The connection could not be restored.

Session expired

The server has moved on; the page needs a fresh start.